 Dungeon Sprint DCSS version 0.28.0-53-g5a82cb258f (webtiles) character file.

Game seed: 1380157960562222082

10849 Zeld the Severer (level 11, -3/186 HPs)
             Began as a Minotaur Berserker on May 24, 2022.
             Was the Champion of Trog.
             Slain by a death drake (4 damage)
             ... in the Dungeon (Sprint III: "The Ten Rune Challenge").
             The game lasted 00:04:39 (5146 turns).

Zeld the Severer (Minotaur Berserker)               Turns: 5146, Time: 00:04:40

Health: -3/186     AC: 16    Str: 26    XL:     11   Next: 41%
Magic:  10/10      EV: 11    Int:  4    God:    Trog [******]
Gold:   1230       SH:  0    Dex: 10    Spells: 10/10 levels left

rFire   . . .      SeeInvis .   e - +4 broad axe (flame)
rCold   . . .      Faith    .   (no shield)
rNeg    . . .      Spirit   .   h - +0 plate armour
rPois   .          Reflect  .   (helmet restricted)
rElec   .          Harm     .   (no cloak)
rCorr   .          Rampage  .   (no gloves)
Will    ++...      NoTele   +   (no boots)
Stlth   ..........              (no amulet)
HPRegen 1.41/turn               (no ring)
MPRegen 0.12/turn               (no ring)

@: berserking, lethally poisoned (-3 -> -64), strong-willed, regenerating,
slowed
A: horns 2, retaliatory headbutt
a: Renounce Religion, Berserk, Trog's Hand, Brothers in Arms


You were in the Dungeon.
You worshipped Trog.
Trog was exalted by your worship.
You visited 1 branch You collected 1437 gold pieces.
You spent 207 gold pieces at shops.

Inventory:

Hand Weapons
 a - a +5 antimagic executioner's axe
 e - a +4 broad axe of flaming (weapon)
Armour
 h - a +0 plate armour (worn)
Wands
 j - a wand of flame (10)
Scrolls
 i - a scroll of amnesia {unknown}
Potions
 c - 3 potions of curing
 d - a potion of heal wounds
 f - 2 potions of magic
 g - a potion of berserk rage


   Skills:
 * Level 19.7 Fighting
 * Level 19.7 Axes
 + Level 14.3 Armour
 + Level 13.1 Dodging


You had 10 spell levels left.
You didn't know any spells.
Your spell library was empty.

Dungeon Overview and Level Annotations

Branches:
Dungeon (1/1)

Altars:
Cheibriados
Dithmenos
Elyvilon
Fedhas
Gozag
Hepliaklqana
Kikubaaqudgha
Makhleb
Nemelex Xobeh
Okawaru
Qazlal
Ru
Sif Muna
Trog
Uskayaw
Vehumet
Wu Jian
Xom
Yredelemnul
Zin
The Shining One
Beogh
Jiyva
Lugonu

Shops:
D (


Innate Abilities, Weirdness & Mutations

You have a pair of horns on your head.
You reflexively headbutt those who attack you in melee.


Message History

Why would you want to do that?
Unknown command.
Your skin crawls.
You feel strong-willed.
You are engulfed in dark miasma.
You are more poisoned.
You feel as though you will be slow longer.
You feel extremely sick. The death drake barely misses you.
The death drake bites you but does no damage.
A red film seems to cover your vision as you go berserk!
You feel yourself moving faster!
You feel mighty!
You feel extremely sick.
The death drake bites you but does no damage.
The death drake breathes miasma at you. The foul vapour misses you.
You slice the death drake!! You burn the death drake.
You headbutt the death drake!!
The death drake is heavily wounded.
You are engulfed in dark miasma.
You are more poisoned.
* * * LOW HITPOINT WARNING * * *
x2 You feel extremely sick.
The death drake completely misses you. You furiously retaliate!
You headbutt the death drake!! You barely miss the death drake.
The death drake is severely wounded.
You are engulfed in dark miasma.
You are more poisoned.
* * * LOW HITPOINT WARNING * * *
x2 You feel extremely sick.
The death drake bites you but does no damage.
You closely miss the death drake.
The death drake is severely wounded.
You are engulfed in dark miasma.
You are more poisoned.
* * * LOW HITPOINT WARNING * * *
x2 You feel extremely sick.
The death drake bites you.
You die...

....†#.≈♣♣♣♣♣♣♣♣♣♣♣♣♣♣♣♣PP##.#.#.
♣♣♣♣♣#.)♣♣ ♣♣♣##+####
###'♣♣♣♣♣♣♣♣♣♣♣♣♣♣♣
♣♣♣♣.##..##≈≈≈≈≈≈..#
♣...##.##.#≈≈≈≈≈...#
♣♣.##.##.##'≈≈÷≈≈####
♣..#.##.).#≈≈°.....☼
♣♣.##.##..#°°.+#####
♣♣.##.#####@°°# ♣.....##.°k°°.#
########+######


You could see a death drake.

Vanquished Creatures
  2 hydras (D)
  A centaur warrior (D)
  Erica (D)
  Urug (D)
  4 deep elf pyromancers (D)
  A lindwurm (D)
  2 deep elf zephyrmancers (D)
  2 cane toads (D)
  An unseen horror (D)
  A rime drake (D)
  A komodo dragon (D)
  3 wandering mushrooms (D)
  2 tyrant leeches (D)
  A shadow (D)
  3 redbacks (D)
  A spatial vortex (D)
  A swamp drake (D)
  An orc warrior (D)
  A necrophage (D)
  2 centaurs (D)
  An earth elemental (D)
  A water elemental (D)
  An electric eel (D)
  An orc priest (D)
  A jelly (D)
  Jessica (D)
  A wizard (D)
  A necromancer (D)
  An orc wizard (D)
  3 humans (D)
  A kobold demonologist (D)
  6 orcs (D)
  An endoplasm (D)
  2 rats (D)
54 creatures vanquished.

Vanquished Creatures (collateral kills)
  An orc knight (D)
  An orc sorcerer (D)
  3 orc warriors (D)
  4 orcs (D)
9 creatures vanquished.

Grand Total: 63 creatures vanquished

Notes
Turn   | Place    | Note
-------+----------+-------------------------------------------
     0 | D        | Zeld the Minotaur Berserker began the quest for the Orb.
     0 | D        | Reached XP level 1. HP: 19/19 MP: 0/0
    28 | D        | Noticed Jessica
    32 | D        | Killed Jessica
    32 | D        | Reached ** piety under Trog
    33 | D        | Reached skill level 5 in Fighting
    33 | D        | Reached skill level 5 in Axes
    33 | D        | Reached XP level 2. HP: 24/29 MP: 1/1
    34 | D        | Reached XP level 3. HP: 30/36 MP: 2/2
   161 | D        | Noticed a water elemental
   166 | D        | Killed a water elemental
   167 | D        | Reached skill level 5 in Armour
   167 | D        | Reached XP level 4. HP: 47/47 MP: 3/3
   236 | D        | Found a glowing silver altar of Zin.
   236 | D        | Found a glowing golden altar of the Shining One.
   236 | D        | Found a white marble altar of Elyvilon.
   237 | D        | Noticed a deep elf pyromancer
   244 | D        | Killed a deep elf pyromancer
   244 | D        | Reached *** piety under Trog
   245 | D        | Reached XP level 5. HP: 21/61 MP: 4/4
   245 | D        | Reached XP level 6. HP: 24/68 MP: 5/5
   245 | D        | Reached XP level 7. HP: 26/74 MP: 6/6
   467 | D        | Found a hide-covered altar of Uskayaw.
   467 | D        | Found an iron altar of Okawaru.
   467 | D        | Found a bloodstained altar of Trog.
   467 | D        | Found an ornate altar of the Wu Jian Council.
   467 | D        | Noticed a human
   467 | D        | Noticed a human
   473 | D        | Killed a human
   477 | D        | Killed a human
   535 | D        | Found a basalt altar of Yredelemnul.
   535 | D        | Found a shadowy altar of Dithmenos.
   535 | D        | Found a sacrificial altar of Ru.
   538 | D        | Reached **** piety under Trog
   550 | D        | Noticed a shadow
   565 | D        | Killed a shadow
   566 | D        | Reached XP level 8. HP: 6/85 MP: 7/7
   895 | D        | Found a radiant altar of Vehumet.
   896 | D        | Found a shimmering blue altar of Sif Muna.
   896 | D        | Found an ancient bone altar of Kikubaaqudgha.
   897 | D        | Reached ***** piety under Trog
   969 | D        | Found a blossoming altar of Fedhas.
   969 | D        | Found a stormy altar of Qazlal.
   969 | D        | Found a snail-covered altar of Cheibriados.
   969 | D        | Found a burning altar of Makhleb.
   969 | D        | Found a shimmering altar of Xom.
   970 | D        | Found a hazy altar of Hepliaklqana.
   970 | D        | Found an opulent altar of Gozag.
   970 | D        | Found a sparkling altar of Nemelex Xobeh.
   970 | D        | Found a corrupted altar of Lugonu.
   970 | D        | Found a viscous altar of Jiyva.
  1251 | D        | Noticed Erica
  1261 | D        | Killed Erica
  1262 | D        | Reached skill level 10 in Armour
  1804 | D        | Received a gift from Trog
  1805 | D        | Reached XP level 9. HP: 96/96 MP: 8/8
  1807 | D        | Found Veodun Uloph's Antique Weapon Shop.
  1807 | D        | Noticed an orc sorcerer
  1807 | D        | Noticed an orc knight
  1824 | D        | Received a gift from Trog
  1829 | D        | Noticed a soul eater
  1829 | D        | Killed an orc sorcerer
  1830 | D        | Reached skill level 15 in Fighting
  1830 | D        | Reached skill level 15 in Axes
  1830 | D        | Reached skill level 10 in Dodging
  1832 | D        | Killed an orc knight
  1840 | D        | Received a gift from Trog
  2058 | D        | Bought a transparent great sword for 207 gold pieces
  2058 | D        | Identified the +3 great sword of Welfare {elec, *Slow rN+
                  | Int-5 Dex+7} (You bought it in a shop in the Dungeon)
  2077 | D        | Noticed a deep elf pyromancer
  2077 | D        | Noticed a deep elf zephyrmancer
  2077 | D        | Noticed a deep elf zephyrmancer
  2077 | D        | Noticed a deep elf pyromancer
  2077 | D        | Noticed a deep elf pyromancer
  2090 | D        | Killed a deep elf pyromancer
  2094 | D        | Killed a deep elf zephyrmancer
  2095 | D        | Reached XP level 10. HP: 108/108 MP: 9/9
  2099 | D        | Noticed a deep elf demonologist
  2101 | D        | Killed a deep elf pyromancer
  2101 | D        | Reached ****** piety under Trog
  2102 | D        | Killed a deep elf pyromancer
  2102 | D        | Received a gift from Trog
  2106 | D        | Killed a deep elf zephyrmancer
  2283 | D        | Noticed a centaur warrior
  2290 | D        | Killed a centaur warrior
  2511 | D        | Received a gift from Trog
  2944 | D        | Noticed a cane toad
  2944 | D        | Noticed a cane toad
  2949 | D        | Killed a cane toad
  2958 | D        | Killed a cane toad
  3173 | D        | Reached XP level 11. HP: 120/121 MP: 10/10
  3285 | D        | Received a gift from Trog
  3695 | D        | Noticed a lindwurm
  3700 | D        | Killed a lindwurm
  4089 | D        | Noticed Urug
  4095 | D        | Killed Urug
  4550 | D        | Noticed a seven-headed hydra
  4550 | D        | Noticed an eight-headed hydra
  4558 | D        | Killed a five-headed hydra
  4569 | D        | Killed a five-headed hydra
  5139 | D        | Noticed a death drake
  5146 | D        | HP: 1/186 [poisoned by a death drake (dark miasma)]
  5146 | D        | Slain by a death drake

Illustrated notes

Levels and vault maps discovered:
D:        dungeon_sprint_mu [sprint_mu_entry_forest, sprint_mu_temple_rooms,
          sprint_mu_d1_horrors, sprint_mu_d2_genie, sprint_mu_d3_branching,
          sprint_mu_orc_legion, sprint_mu_elf_gauntlet, sprint_mu_hive_nellie,
          sprint_mu_lair_fedhas, sprint_mu_vaults_butterflies,
          sprint_mu_slime_circle, sprint_mu_swamp_cave, sprint_mu_snake_twists,
          sprint_mu_blade_basic, sprint_mu_crypt_chambers,
          sprint_mu_tomb_spiral, sprint_mu_vestibule_basic,
          sprint_mu_gehenna_hellfire, sprint_mu_dis_giant,
          sprint_mu_tartarus_statrot, sprint_mu_cocytus_islands, sprint_mu_zot1]

Skill      XL: |  1  2  3  4  5  6  7  8  9 10 11 |
---------------+----------------------------------+-----
Axes           | 5 7 11 12 14 16 18 19 | 19.7
Fighting       | 5 7 11 12 14 16 18 19 | 19.7
Armour         | 3 5 7 9 10 11 13 14 | 14.3
Dodging        | 3 4 7 8 9 10 12 13 | 13.1

Action                   |  1- 3 |  4- 6 |  7- 9 | 10-12 || total
-------------------------+-------+-------+-------+-------++-------
Melee: Hand axe          |    16 |     7 |    92 |       ||   115
       Headbutt          |     3 |     1 |    28 |    18 ||    50
       Punch             |     1 |       |       |     2 ||     3
       Broad axe         |       |       |     8 |    99 ||   107
Invok: Berserk           |     2 |       |     5 |     3 ||    10
       Brothers in Arms  |       |       |     1 |       ||     1
       Trog's Hand       |       |       |       |     1 ||     1
  Use: Scroll            |       |       |     1 |       ||     1
       Potion            |       |       |     1 |       ||     1
 Stab: Sleeping          |       |       |       |     1 ||     1
Armor: Animal skin       |       |       |     3 |     5 ||     8
       Plate armour      |       |       |       |    19 ||    19
Dodge: Dodged            |     7 |     2 |    27 |    56 ||    92
